 Dungeon Crawl Stone Soup version 0.28.0-53-g5a82cb258f (webtiles) character file.

Game seed: 9366583627243229399

2224 Zeld the Thaumaturge (level 9, -3/67 HPs)
             Began as a Deep Elf Fire Elementalist on May 21, 2022.
             Engulfed by a cloud of flame (7 damage)
             ... on level 6 of the Dungeon.
             The game lasted 00:09:09 (9839 turns).

Zeld the Thaumaturge (Deep Elf Fire Elementalist)   Turns: 9839, Time: 00:09:09

Health: -3/67      AC: 24    Str:  5    XL:     9   Next: 13%
Magic:  22/23      EV:  2    Int: 25    God:
Gold:   605        SH:  0    Dex: 15    Spells: 15/25 levels left

rFire   . . .      SeeInvis .   a - +7 short sword of Ozuet {flame, Will+}
rCold   . . .      Faith    .   (no shield)
rNeg    . . .      Spirit   .   (armour currently unavailable)
rPois   +          Reflect  .   (helmet currently unavailable)
rElec   .          Harm     .   (cloak currently unavailable)
rCorr   .          Rampage  .   (gloves currently unavailable)
Will    +....      NoTele   +   (boots currently unavailable)
Stlth   ++........              (no amulet)
HPRegen 0.21/turn               (no ring)
MPRegen 0.18/turn               (no ring)

@: mighty, tree-form
A: stationary, stasis, torment immunity, boosted hp
a: no special abilities


You were on level 6 of the Dungeon.
You were a tree.
You visited 1 branch of the dungeon, and saw 7 of its levels.
You also visited: Sewer and Ossuary.

You collected 605 gold pieces.

Inventory:

Hand Weapons
 a - the +7 short sword of Ozuet (weapon) {flame, Will+}
   (You found it on level 2 of the Dungeon)

   It burns those it strikes, dealing additional fire damage.
   Will:      It increases your willpower.
Armour
 d - a +0 leather armour of poison resistance (melded)
 l - a +1 helmet (melded)
 x - a +0 pair of boots (melded)
Jewellery
 y - a +6 ring of strength
Scrolls
 f - 5 scrolls of teleportation {unknown}
 i - 3 scrolls of magic mapping {unknown}
 j - 2 scrolls of enchant weapon {unknown}
 k - 2 scrolls of identify {unknown}
 n - 2 scrolls of blinking {unknown}
 q - a scroll of summoning {unknown}
 t - a scroll of holy word {unknown}
 v - a scroll of fog {unknown}
 w - a scroll of fear {unknown}
 z - a scroll of enchant armour {unknown}
Potions
 b - a potion of brilliance
 c - a potion of magic {unknown}
 e - a potion of curing {unknown}
 g - 2 potions of haste {unknown}
 h - 3 potions of berserk rage {unknown}
 m - a potion of heal wounds {unknown}
 o - 3 potions of lignification
 p - a potion of invisibility {unknown}
 r - a potion of might
 s - a potion of mutation {unknown}
 u - 3 potions of degeneration {unknown}


   Skills:
 * Level 5.7 Short Blades
 + Level 5.5 Dodging
 - Level 2.4 Stealth
 * Level 8.5 Spellcasting
 + Level 4.7 Conjurations
 * Level 7.5 Fire Magic


You had 15 spell levels left.
You knew the following spells:

 Your Spells              Type           Power      Damage    Failure   Level
a - Foxfire               Conj/Fire      100%       2x1d9     1%          1
b - Scorch                Fire           96%        2d10      1%          2
c - Inner Flame           Hex/Fire       29%        N/A       3%          3
d - Flame Wave            Conj/Fire      41%        2d9       4%          4

Your spell library contained the following spells:

 Spells                   Type           Power      Damage    Failure   Level
 Conjure Flame            Conj/Fire      41%        6-21      1%          3
 Slow                     Hex            40%        N/A       6%          1
 Confusing Touch          Hex            10%        N/A       17%         3
 Vampiric Draining        Necr           10%        2d6       17%         3


Dungeon Overview and Level Annotations

Branches:
Dungeon (7/15)              Sewer (visited)         Ossuary (visited)
 Temple: D:4-7

Altars:

Annotations:
D:6 2 transporters, styxcanada's ghost, novice SpBr


Message History

You feel sick.
You are no longer poisoned.
The killer bee closely misses you. The killer bee misses you.
There is a stone staircase leading up, spattered with blood here.
The killer bee stings you.
* * * LOW HITPOINT WARNING * * *
The killer bee barely misses you.
The killer bee stings you but does no damage.
The killer bee stings you.
* * * LOW HITPOINT WARNING * * *
You climb upwards.
Level annotation: 2 transporters, styxcanada's ghost, novice SpBr
There is a stone staircase leading down here.
Unknown command.
Casting: Inner Flame (dangerous; 6% risk of failure)
Confirm with . or Enter, or press ? or * to list all spells.
The spell is quite dangerous to miscast (8% risk of failure)!
Continue anyway?
Okay, then.
Okay, then.
It was a potion of lignification.
You turn into a tree.
Your +1 helmet melds into your body.
Your +0 pair of boots melds into your body.
Your +0 leather armour of poison resistance melds into your body.
You no longer feel resistant to poison.
Your roots penetrate the ground.
The killer bee stings you but does no damage. x4
You puncture the killer bee! You burn the killer bee.
The killer bee explodes!
The fiery explosion engulfs the killer bee!
The killer bee is almost dead.
The fiery explosion engulfs you but does no damage.
You are engulfed in blazing flames.
* * * LOW HITPOINT WARNING * * *
The killer bee is engulfed in blazing flames.
You kill the killer bee!
You cannot move.
You cannot move.
It was a potion of might.
You feel very mighty all of a sudden.
You are engulfed in blazing flames.
You die...

#.# #.## #..# #.#
#.# #..###### #.#
#.# #........ #.#
#.# #...#####
#.######.#
#..#####.
#.....##.#
#.###...#
#####.##.#
#.##y.#.. #(##.#
##.###.#.#
#♣##.####...# ###.
#§§...)(>..###...#
####..(....##..#..
#######.###.#.#
#..#####y
##..##### ##......
#######


There were no monsters in sight!

Vanquished Creatures
  A centaur zombie (D:7)
  Sigmund (D:5)
  Duvessa (D:5)
  An orc warrior (D:6)
  A sky beast (D:6)
  A black bear (D:6)
  An ogre (D:5)
  2 centaurs
  A phantom (D:5)
  3 kobold brigands
  A water moccasin zombie (D:5)
  Dowan (D:5)
  2 killer bees (D:6)
  2 bullfrog zombies (D:5)
  A jelly (D:6)
  A human zombie (Ossuary)
  2 bullfrog skeletons
  A hound (D:6)
  3 orc priests
  An iguana (D:5)
  2 orc wizards
  A scorpion zombie (D:5)
  2 mummies (Ossuary)
  8 adders
  2 river rats (Sewer)
  2 shadow imps (D:5)
  An ufetubus (D:6)
  A worm (D:5)
  A dart slug (D:3)
  14 orcs
  7 ball pythons
  4 bats
  4 endoplasms
  5 giant cockroaches
  4 gnoll zombies (Ossuary)
  11 goblins
  7 hobgoblins
  4 jackals
  3 quokkas
  6 frilled lizards
  3 goblin zombies (Ossuary)
  3 hobgoblin zombies (Ossuary)
  18 kobolds
  3 orc zombies (Ossuary)
  7 rats
151 creatures vanquished.

Vanquished Creatures (others)
  75 foxfires
  13 plants (Sewer)
88 creatures vanquished.

Grand Total: 239 creatures vanquished

Notes
Turn   | Place    | Note
-------+----------+-------------------------------------------
     0 | D:1      | Zeld the Deep Elf Fire Elementalist began the quest for the
                  | Orb.
     0 | D:1      | Reached XP level 1. HP: 10/10 MP: 6/6
   748 | D:1      | Found a faded altar of an unknown god.
   809 | D:1      | Reached XP level 2. HP: 15/15 MP: 6/8
   841 | D:1      | Learned a level 2 spell: Scorch
  1211 | D:1      | You fall into a shaft and drop 1 floor!
  1340 | D:2      | Reached XP level 3. HP: 19/19 MP: 3/10
  1344 | D:2      | Learned a level 3 spell: Inner Flame
  1786 | D:2      | Identified the +7 short sword of Ozuet {flame, Will+}
  1928 | D:2      | Reached skill level 4 in Spellcasting
  2531 | D:3      | Reached XP level 4. HP: 24/24 MP: 9/12
  2621 | D:3      | Learned a level 4 spell: Flame Wave
  2653 | D:3      | Reached skill level 1 in Short Blades
  2660 | D:3      | Reached XP level 5. HP: 24/28 MP: 1/13
  3583 | D:4      | Found a glowing drain.
  3595 | Sewer    | Entered a sewer
  3753 | Sewer    | Reached skill level 5 in Spellcasting
  3753 | Sewer    | Reached XP level 6. HP: 9/32 MP: 0/15
  5401 | D:5      | Entered Level 5 of the Dungeon
  5457 | D:5      | Reached skill level 5 in Fire Magic
  5806 | D:5      | Reached XP level 7. HP: 36/36 MP: 8/17
  6001 | D:5      | Noticed Dowan
  6002 | D:5      | Noticed Duvessa
  6119 | D:5      | Killed Duvessa
  6120 | D:5      | Reached skill level 6 in Spellcasting
  6436 | D:5      | Killed Dowan
  7041 | D:5      | Noticed Sigmund
  7046 | D:5      | Killed Sigmund
  7047 | D:5      | Reached XP level 8. HP: 41/41 MP: 12/20
  7441 | D:6      | Reached skill level 7 in Spellcasting
  7510 | D:6      | Found a transporter.
  7512 | D:6      | Found a transporter.
  7513 | D:6      | Noticed a hornet
  7516 | D:6      | Noticed styxcanada's ghost (novice SpBr)
  7744 | D:6      | Reached skill level 5 in Dodging
  7963 | D:6      | Found a sand-covered staircase.
  7973 | Ossuary  | Entered an ossuary
  8475 | D:6      | Reached skill level 5 in Short Blades
  9008 | D:6      | Reached skill level 8 in Spellcasting
  9209 | D:7      | Reached XP level 9. HP: 26/45 MP: 11/23
  9839 | D:6      | Engulfed by a cloud of flame

Illustrated notes

Levels and vault maps discovered:
D:1:      lemuel_arrival_behind_the_door_large, layout_basic,
          chequers_ecumenical_altar_lobes
D:2:      layout_rooms
D:3:      layout_basic
D:4:      layout_basic, portal_sewer_entry_b, minmay_bisected
D:5:      layout_basic, minivault_5, uniq_sigmund, uniq_duvessa
D:6:      nicolae_cairo_tiling, layout_loops_ring, gammafunk_ghost_hive,
          enter_ossuary_1
D:7:      layout_basic, minmay_temple_entry_from_below_b, abandoned_shop

Skill      XL: |  1  2  3  4  5  6  7  8 |
---------------+-------------------------+-----
Spellcasting   | 4 5 6 8 |  8.5
Conjurations   | 2 3 4 |  4.7
Fire Magic     | 4 5 6 7 |  7.5
Dodging        | 3 4 5 |  5.5
Short Blades   | 1 2 3 4 5 |  5.7
Stealth        | |  2.4

Action                   |  1- 3 |  4- 6 |  7- 9 || total
-------------------------+-------+-------+-------++-------
Melee: Dagger            |     5 |       |       ||     5
       Short sword       |    15 |    28 |    18 ||    61
 Cast: Foxfire           |    47 |       |       ||    47
       Scorch            |    25 |    69 |   118 ||   212
       Inner Flame       |       |       |     1 ||     1
  Use: Potion            |       |       |     2 ||     2
 Stab: Distracted        |     1 |       |       ||     1
       Sleeping          |       |       |     1 ||     1
Armor: Robe              |     4 |    10 |       ||    14
       Leather armour    |       |       |    35 ||    35
       Skin              |       |       |     5 ||     5
Dodge: Dodged            |    26 |    28 |    89 ||   143
